 Dungeon Crawl Stone Soup version 0.17.1-3-g152610e (webtiles) character file.

87843 MrTails the Severer (level 15, -4/100 HPs)
             Began as a Gargoyle Fighter on Feb 18, 2016.
             Was a High Priest of Trog.
             Shot with an arrow by a satyr (28 damage)
             ... on level 4 of the Shoals.
             The game lasted 01:48:11 (22564 turns).

MrTails the Severer (Gargoyle Fighter)             Turns: 22564, Time: 01:48:16

Health: -4/100     AC: 34    Str: 27    XL:     15   Next: 92%
Magic:  6/6        EV:  9    Int: 16    God:    Trog [*****.]
Gold:   1605       SH: 13    Dex:  9    Spells: 0 memorised, 14 levels left

rFire  + . .     SeeInvis .     F - +3 war axe (flame)
rCold  . . .     Clarity  +     r - +1 plate armour
rNeg   + . .     SustAt   .     c - +0 shield
rPois  ∞         Gourm    .     (helmet restricted)
rElec  +         Spirit   .     O - +0 cloak
rCorr  .         Warding  .     X - +0 pair of gloves
rMut   .         Stasis   .     l - +0 pair of boots
MR     ++...                    (no amulet)
Stlth  ..........               Q - +3 ring of strength
                                a - ring of Nyukh {+Fly rF+ MR+ MP-9 Int+5}

@: exhausted, slowed, very slow, very resistant to hostile enchantments,
extremely unstealthy
A: big wings, horns 1, repulsion field 1, icy blue scales 1, blink, breathe
flames 1, clarity, negative energy resistance 1, sense surroundings 1,
regeneration 1, electricity resistance, wild magic 1, unbreathing, petrification
resistance, no device heal 1, rot immunity, AC +11
a: Fly, Blink, Berserk, Trog's Hand, Brothers in Arms, Burn Spellbooks, Renounce
Religion, Breathe Fire, Evoke Flight


You were on level 4 of the Shoals.
You worshipped Trog.
Trog was extremely pleased with you.
You were not hungry.

You visited 3 branches of the dungeon, and saw 23 of its levels.
You also visited: Bailey.

You collected 1605 gold pieces.

Inventory:

Hand Weapons
 F - a +3 war axe of flaming (weapon)
 H - a +3 battleaxe of chopping
Armour
 c - a +0 shield (worn)
 l - a +0 pair of boots (worn)
 r - a +1 plate armour (worn)
 O - a +0 cloak (worn)
 X - a +0 pair of gloves (worn)
Jewellery
 a - the ring of Nyukh (left hand) {+Fly rF+ MR+ MP-9 Int+5}
   (You found it on level 1 of the Shoals)

   [ring of flight]

   It affects your intelligence (+5).
   It protects you from fire.
   It affects your resistance to hostile enchantments.
   It affects your magic capacity (-9).
   It lets you fly.
 h - a +4 ring of dexterity
 q - a +3 ring of dexterity
 Q - a +3 ring of strength (right hand)
 V - an uncursed amulet of warding
 Z - an uncursed ring of see invisible
Wands
 b - a wand of paralysis (7)
 w - a wand of frost (33)
 x - a wand of slowing (14)
 y - a wand of paralysis (12)
 B - a wand of fireball (3)
 C - a wand of digging (10)
 I - a wand of flame (19)
 J - a wand of frost (26)
 S - a wand of paralysis (8)
 W - a wand of digging (5)
Scrolls
 f - 13 scrolls of remove curse
 g - 4 scrolls of enchant weapon
 i - 7 scrolls of identify
 m - 2 scrolls of fog
 p - 3 scrolls of magic mapping
 E - a scroll of recharging
 P - 3 scrolls of fear
 U - 4 scrolls of enchant armour
Potions
 d - 4 potions of might
 n - 4 potions of brilliance
 s - 4 potions of berserk rage
 t - 2 potions of cure mutation
 v - 4 potions of heal wounds
 z - 2 potions of magic {unknown}
 D - a potion of resistance
 L - 6 potions of cancellation
 M - 5 potions of curing
 N - 2 potions of agility
 R - 4 potions of haste
 Y - a potion of flight {unknown}
Books
 j - a book of Annihilations

   Spells                             Type                      Level
   a - Poison Arrow                   Conjuration/Poison           6
   b - Chain Lightning                Conjuration/Air              8
   c - Lehudib's Crystal Spear        Conjuration/Earth            8
   d - Glaciate                       Conjuration/Ice              9
   e - Fire Storm                     Conjuration/Fire             9
   Trog disapproves of the use of such an item.
 k - a book of Annihilations

   Spells                             Type                      Level
   a - Poison Arrow                   Conjuration/Poison           6
   b - Chain Lightning                Conjuration/Air              8
   c - Lehudib's Crystal Spear        Conjuration/Earth            8
   d - Glaciate                       Conjuration/Ice              9
   e - Fire Storm                     Conjuration/Fire             9
   Trog disapproves of the use of such an item.
 T - a book of Minor Magic

   Spells                             Type                      Level
   a - Magic Dart                     Conjuration                  1
   b - Blink                          Translocation                2
   c - Call Imp                       Summoning                    2
   d - Repel Missiles                 Charms/Air                   2
   e - Slow                           Hexes                        2
   f - Conjure Flame                  Conjuration/Fire             3
   g - Mephitic Cloud                 Conjuration/Poison/Air       3
   Trog disapproves of the use of such an item.
Comestibles
 e - 11 bread rations
 o - 4 royal jellies
 u - a beef jerky
 A - 3 fruits
 G - 13 meat rations


   Skills:
 + Level 13.9 Fighting
 * Level 15.8 Axes
 + Level 13.8 Armour
 - Level 0.2 Dodging
 + Level 13.3 Shields


You had 14 spell levels left.
You didn't know any spells.

Dungeon Overview and Level Annotations

Branches:
Dungeon (13/15)            Temple (0/1) D:5            Lair (6/8) D:8
 Shoals (4/4) Lair:6        Snake (0/4) Lair:5          Orc (0/4) D:12
  Slime: Lair:6-8    Vaults: D:13-14

Altars:
Elyvilon
Fedhas
Kikubaaqudgha
Nemelex Xobeh
Qazlal
Trog
Yredelemnul

Shops:
D:8 (   Shoals:1 !   Shoals:3 }   Shoals:4 }


Innate Abilities, Weirdness & Mutations

You are resistant to torment.
Your stone body is resilient (AC +11).
You are immune to poison.
Your large and strong wings let you fly indefinitely.
You resist negative energy.
You are resistant to electric shocks.
You can survive without breathing.
You are immune to petrification.
You are immune to rotting.
You have a pair of small horns on your head.
You are surrounded by a mild repulsion field (EV +2).
You are partially covered in icy blue scales (AC +1).
You can translocate small distances at will.
You can breathe flames.
You possess an exceptional clarity of mind.
You passively map a small area around you.
Your natural rate of healing is unusually fast.
Your spells are a little harder to cast, but a little more powerful.
Potions and wands are less effective at restoring your health.


Message History

You are too injured to fight recklessly!
Unknown command.
Your iron troll goes berserk!
You feel somewhat more hungry.
You are no longer glowing.
The faun points at you and mumbles some strange words.
You resist with almost no effort.
The satyr shoots an arrow.
You block the arrow.
The faun shoots a sling bullet.
The sling bullet hits you but does no damage.
A merfolk comes into view. It is wielding a trident.
You are too injured to fight recklessly!
Unknown command.
You are too injured to fight recklessly!
Your shield and plate armour prevent you from hitting the satyr.
Your headbutt misses the satyr.
The satyr is moderately wounded.
The merfolk throws a throwing net.
The throwing net hits your iron troll.
Your iron troll is caught in the net!
The satyr shoots an arrow.
The arrow hits you!!
You die...

..(..........≈P≈≈≈≈≈≈PPP≈≈≈≈≈≈≈≈≈
...............m≈≈≈≈PPP≈≈≈≈≈≈≈≈≈≈
.........≈≈≈≈....≈≈≈≈≈PP≈≈≈≈≈≈≈≈≈
.........≈≈≈≈......P≈≈≈P≈≈≈≈≈≈≈≈≈
....<.≈.≈≈..≈≈.........PPP≈≈≈≈≈≈≈
≈.....≈.......)(......≈PP≈≈≈≈≈≈≈≈
P.............)#T.....≈P≈≈≈≈≈≈≈≈≈
.)........(....(()....≈P≈≈P≈≈≈≈≈≈
................@)c....≈≈≈≈≈≈≈≈≈≈
...............))c......P≈≈≈≈≈≈≈≈
......≈........(...)....≈≈≈≈≈≈≈≈≈
P.....≈P≈...............≈P≈≈≈≈≈≈≈
......≈≈P≈..............≈P≈≈P≈≈≈≈
......≈≈≈≈≈........^..≈≈≈≈PP(≈≈≈≈
....P..≈≈≈≈P........≈≈≈≈≈PP≈P≈≈≈≈
........≈..........≈≈≈≈≈≈≈c≈≈≈≈≈≈
...P..P|.≈≈P≈≈≈≈≈≈≈≈≈≈≈≈≈≈P≈≈≈≈≈c


You could see a satyr, a merfolk, a faun (roused) and a friendly iron troll
(berserk).

Vanquished Creatures
  Maud (D:10)
  A stone giant (Shoals:3)
  5 merfolk javelineers
  8 merfolk impalers
  Fannar (D:11)
  2 hydras
  2 merfolk aquamancers (Shoals:4)
  A centaur warrior (Shoals:3)
  2 satyrs (Shoals:4)
  A death yak (Lair:6)
  Urug (Lair:1)
  Nergalle (D:11)
  9 sea snakes
  A hill giant (D:10)
  An orc knight (Bailey)
  9 harpies
  The ghost of MrTails the Cleaver, a novice MiBe of Trog (D:6)
  7 griffons
  14 fauns
  2 ugly things (D:12)
  6 manticores
  4 oklob plants (Lair:1)
  12 cyclopes
  6 water nymphs
  4 sirens
  A gargoyle (D:12)
  5 black mambas
  11 spiny frogs
  3 komodo dragons
  3 wind drakes
  Grinder (D:6)
  3 slime creatures (D:12)
  34 merfolk
  Prince Ribbit (D:5)
  3 trolls
  The ghost of F1L1N the Shield-Bearer, an amateur GrFi (D:4)
  A boulder beetle (Lair:5)
  12 snapping turtles
  A deep elf mage (D:11)
  4 blink frogs (Lair:6)
  A shadow (D:12)
  Sigmund (D:6)
  27 yaks
  A steam dragon (D:8)
  9 water elementals
  Eustachio (D:6)
  4 basilisks
  5 hippogriffs
  A wyvern (D:10)
  2 hungry ghosts
  Menkaure (D:4)
  3 nagas (Lair:5)
  Edmund (D:4)
  9 orc warriors
  3 sky beasts
  3 phantoms
  7 porcupines
  9 water moccasins
  4 ice beasts
  7 crocodiles
  6 ogres
  9 centaurs
  A big kobold (D:7)
  Blork the orc (D:4)
  17 giant frogs
  A gnoll sergeant (D:9)
  A wyvern skeleton (D:6)
  2 scorpions
  4 electric eels
  3 killer bees (D:8)
  16 wights
  A hound (D:11)
  4 iguanas
  3 centaur zombies
  8 crimson imps
  2 giant frog skeletons
  2 centaur skeletons
  8 orc priests
  4 jellies
  5 worker ants
  9 orc wizards
  2 quasits
  25 sheep
  A killer bee zombie (D:10)
  2 hound skeletons
  A hound zombie (D:5)
  A worker ant zombie (D:8)
  Robin (D:4)
  8 gnolls
  13 adders
  49 river rats
  A shadow imp (D:6)
  An adder zombie (D:7)
  3 adder skeletons
  3 worms
  10 giant geckos
  69 orcs
  A ball python (D:3)
  6 bats
  4 giant cockroaches
  8 hobgoblins
  5 jackals
  17 kobolds
  4 quokkas
  A giant gecko skeleton (D:6)
  16 goblins
  12 rats
  9 fungi
  12 plants
677 creatures vanquished.

Vanquished Creatures (collateral kills)
  2 hydras
  A porcupine (Lair:5)
  An orc warrior (Bailey)
  4 orcs (Bailey)
8 creatures vanquished.

Vanquished Creatures (others)
  A deep elf mage (D:9)
  11 fungi
  7 plants
19 creatures vanquished.

Grand Total: 704 creatures vanquished

Notes
Turn   | Place    | Note
--------------------------------------------------------------
     0 | D:1      | MrTails the Gargoyle Fighter began the quest for the Orb.
     0 | D:1      | Reached XP level 1. HP: 14/14 MP: 1/1
    76 | D:1      | Reached XP level 2. HP: 14/19 MP: 2/2
   517 | D:2      | Found a white marble altar of Elyvilon.
   647 | D:2      | Reached XP level 3. HP: 19/23 MP: 3/3
  1129 | D:2      | Reached XP level 4. HP: 28/28 MP: 4/4
  1243 | D:3      | Found a bloodstained altar of Trog.
  1247 | D:3      | Noticed a giant frog
  1260 | D:3      | Killed a giant frog
  1260 | D:3      | Reached skill level 4 in Armour
  1260 | D:3      | Reached XP level 5. HP: 22/33 MP: 5/5
  1263 | D:3      | Became a worshipper of Trog the Wrathful
  1946 | D:4      | Reached * piety under Trog
  1978 | D:4      | Noticed Edmund
  1989 | D:4      | Killed Edmund
  1989 | D:4      | Reached XP level 6. HP: 39/39 MP: 6/6
  2045 | D:4      | Found a blossoming altar of Fedhas.
  2095 | D:4      | Found a sparkling altar of Nemelex Xobeh.
  2265 | D:4      | Noticed Blork the orc
  2282 | D:4      | Killed Blork the orc
  2282 | D:4      | Reached XP level 7. HP: 33/44 MP: 7/7
  2333 | D:4      | Noticed a phantom
  2365 | D:4      | Killed a phantom
  2372 | D:4      | Noticed F1L1N's ghost (amateur GrFi)
  2391 | D:4      | Killed F1L1N's ghost
  2391 | D:4      | Reached skill level 5 in Fighting
  2391 | D:4      | Reached skill level 5 in Axes
  2391 | D:4      | Reached skill level 5 in Armour
  2391 | D:4      | Reached skill level 5 in Shields
  2399 | D:4      | Noticed Robin
  2403 | D:4      | Noticed Menkaure
  2452 | D:4      | Killed Robin
  2476 | D:4      | Killed Menkaure
  2476 | D:4      | Reached XP level 8. HP: 45/49 MP: 8/8
  2841 | D:5      | Entered Level 5 of the Dungeon
  3099 | D:5      | Reached ** piety under Trog
  3100 | D:5      | Noticed Prince Ribbit
  3142 | D:5      | Killed Prince Ribbit
  3142 | D:5      | Reached skill level 6 in Fighting
  3322 | D:5      | Found a staircase to the Ecumenical Temple.
  3754 | D:6      | Noticed MrTails's ghost (novice MiBe)
  3770 | D:6      | Killed MrTails's ghost
  3770 | D:6      | Reached XP level 9. HP: 42/56 MP: 9/9
  3788 | D:6      | Reached skill level 7 in Axes
  3894 | D:6      | Gained mutation: You are partially covered in icy blue scales (AC +1). [mutagenic meat]
  3895 | D:6      | Gained mutation: You have a pair of small horns on your head. [mutagenic meat]
  3896 | D:6      | Gained mutation: You are surrounded by a mild repulsion field (EV +2). [mutagenic meat]
  3897 | D:6      | Gained mutation: You can breathe flames. [mutagenic meat]
  3898 | D:6      | Gained mutation: You possess an exceptional clarity of mind. [mutagenic meat]
  3899 | D:6      | Gained mutation: Potions and wands are less effective at restoring your health. [mutagenic meat]
  3936 | D:6      | Noticed Grinder
  3952 | D:6      | Paralysed by Grinder for 4 turns
  3962 | D:6      | Killed Grinder
  4102 | D:6      | Noticed Sigmund
  4159 | D:6      | Killed Sigmund
  4200 | D:6      | Noticed Eustachio
  4228 | D:6      | Killed Eustachio
  4315 | D:6      | Found a basalt altar of Yredelemnul.
  4729 | D:7      | Reached skill level 8 in Axes
  4902 | D:7      | Reached XP level 10. HP: 48/64 MP: 10/10
  4977 | D:7      | Reached *** piety under Trog
  5987 | D:8      | Found a staircase to the Lair.
  5993 | D:8      | Reached skill level 9 in Axes
  6252 | D:8      | Found Erghon's Antique Weapon Boutique.
  6454 | D:8      | Reached **** piety under Trog
  6454 | D:8      | Received a gift from Trog
  6459 | D:8      | Found a basalt altar of Yredelemnul.
  6752 | Lair:1   | Entered Level 1 of the Lair of Beasts
  6774 | Lair:1   | Noticed a black mamba
  6787 | Lair:1   | Killed a black mamba
  7084 | Lair:1   | Noticed an oklob plant
  7084 | Lair:1   | Noticed an oklob plant
  7294 | Lair:1   | Noticed Urug
  7314 | Lair:1   | Killed Urug
  7314 | Lair:1   | Reached XP level 11. HP: 29/69 MP: 11/11
  7760 | Lair:1   | Received a gift from Trog
  7760 | Lair:1   | Reached skill level 10 in Axes
  8054 | Lair:1   | Noticed an oklob plant
  8803 | D:9      | Found an ancient bone altar of Kikubaaqudgha.
  8908 | D:9      | Found a stormy altar of Qazlal.
  9193 | D:10     | Entered Level 10 of the Dungeon
  9197 | D:10     | Noticed Maud
  9220 | D:10     | Killed Maud
  9315 | D:10     | Noticed a hill giant
  9324 | D:10     | Killed a hill giant
  9519 | D:10     | Reached skill level 11 in Axes
  9749 | D:10     | Found a flagged portal.
  9758 | Bailey   | Entered a bailey
  9785 | Bailey   | Reached ***** piety under Trog
  9856 | Bailey   | Reached skill level 10 in Fighting
  9956 | Bailey   | Noticed an orc knight
  9956 | Bailey   | Noticed an orc knight
  9961 | Bailey   | Received a gift from Trog
  9970 | Bailey   | Killed an orc knight
  9973 | Bailey   | Reached XP level 12. HP: 55/77 MP: 12/12
 10667 | D:11     | Reached skill level 10 in Armour
 10668 | D:11     | Gained mutation: Your natural rate of healing is unusually fast. [mutagenic meat]
 10671 | D:11     | Gained mutation: You passively map a small area around you. [mutagenic meat]
 10672 | D:11     | Gained mutation: You can translocate small distances at will. [mutagenic meat]
 10673 | D:11     | Gained mutation: Your spells are a little harder to cast, but a little more powerful. [mutagenic meat]
 10745 | D:11     | Noticed Fannar
 10772 | D:11     | Killed Fannar
 10937 | D:11     | Noticed Nergalle
 10946 | D:11     | Killed Nergalle
 10950 | D:11     | Noticed an eight-headed hydra
 10961 | D:10     | Killed a nine-headed hydra
 11657 | D:12     | Found a staircase to the Orcish Mines.
 12002 | D:12     | Reached skill level 10 in Shields
 12193 | D:12     | Received a gift from Trog
 12234 | D:12     | Reached skill level 12 in Axes
 12666 | Lair:1   | Killed an oklob plant
 12791 | Lair:1   | Noticed an oklob plant
 12796 | Lair:1   | Killed an oklob plant
 12799 | Lair:1   | Killed an oklob plant
 12805 | Lair:1   | Killed an oklob plant
 13011 | Lair:2   | Reached XP level 13. HP: 79/84 MP: 13/13
 14241 | Lair:3   | Received a gift from Trog
 14242 | Lair:3   | Got an encrusted hand crossbow {god gift}
 14609 | Lair:4   | Reached skill level 13 in Axes
 15584 | Lair:5   | Found a staircase to the Snake Pit.
 16587 | Lair:6   | Found a staircase to the Shoals.
 16846 | Shoals:1 | Entered Level 1 of the Shoals
 16868 | Shoals:1 | Found Waituxerith's Distillery.
 16912 | Shoals:1 | Got a coiled bone ring
 17003 | Shoals:1 | Gained mutation: Your large and strong wings let you fly indefinitely. [Gargoyle growth]
 17003 | Shoals:1 | Reached XP level 14. HP: 82/92 MP: 14/14
 17052 | Shoals:1 | Identified the ring of Nyukh {+Fly rF+ MR+ MP-9 Int+5} (You found it on level 1 of the Shoals)
 17213 | Shoals:1 | Noticed a merfolk impaler
 17341 | Shoals:1 | Received a gift from Trog
 17342 | Shoals:1 | Reached skill level 14 in Axes
 17977 | Shoals:1 | Killed a merfolk impaler
 19153 | Shoals:2 | Received a gift from Trog
 19630 | Shoals:3 | Found Ofopp's Gadget Boutique.
 20122 | Shoals:3 | Reached XP level 15. HP: 94/98 MP: 6/15
 20192 | Shoals:3 | Reached skill level 15 in Axes
 20284 | Shoals:3 | Noticed a stone giant
 20302 | Shoals:3 | Killed a stone giant
 21569 | Shoals:4 | Entered Level 4 of the Shoals
 21704 | Shoals:4 | Received a gift from Trog
 21799 | Shoals:4 | Found Fiugoo's Gadget Shoppe.
 22545 | Shoals:4 | Received a gift from Trog
 22564 | Shoals:4 | Shot with an arrow by a satyr

Action                   |  1- 3 |  4- 6 |  7- 9 | 10-12 | 13-15 || total
-------------------------+-------+-------+-------+-------+-------++-------
Melee: War axe           |   151 |   198 |   369 |   704 |  1490 ||  2912
       Unarmed           |       |       |    15 |       |    27 ||    42
       Broad axe         |       |       |       |       |   116 ||   116
Invok: Berserk           |       |     1 |     2 |     8 |    13 ||    24
       Brothers in Arms  |       |       |       |     3 |     6 ||     9
       Burn Spellbooks   |       |       |       |       |     1 ||     1
       Trog's Hand       |       |       |       |       |     1 ||     1
 Abil: Blink             |       |       |       |     6 |    18 ||    24
       Breathe Fire      |       |       |       |     1 |     2 ||     3
       Evoke Flight      |       |       |       |       |     1 ||     1
Evoke: Wand              |       |       |       |     3 |       ||     3
  Use: Scroll            |       |     1 |     7 |    12 |    15 ||    35
       Potion            |       |       |    10 |     3 |     4 ||    17
 Stab: Distracted        |       |       |     1 |       |       ||     1
  Eat: Chunk             |       |     5 |    11 |    26 |    12 ||    54
       Fruit             |       |     2 |     3 |     8 |       ||    13
       Beef jerky        |       |       |     1 |       |     4 ||     5
       Pizza             |       |       |     1 |     1 |     1 ||     3
       Meat ration       |       |       |     1 |       |     1 ||     2
       Bread ration      |       |       |       |     2 |     6 ||     8
